 Dungeon Crawl Stone Soup version 0.28-a0-1594-ga885d4b3d6 (webtiles) character file.

Game seed: 18064239424505956266

130 mordus the Ruffian (level 4, -2/45 HPs)
             Began as a Troll Berserker on Jan 20, 2022.
             Was a Believer of Trog.
             Blown up by Ijyb (21 damage)
             ... with a mindburst bolt
             ... on level 3 of the Dungeon.
             The game lasted 00:01:26 (1454 turns).

mordus the Ruffian (Troll Berserker)                Turns: 1454, Time: 00:01:26

Health: -2/45      AC:  4    Str: 25    XL:     4   Next: 89%
Magic:  3/3        EV: 10    Int:  5    God:    Trog [**....]
Gold:   164        SH:  0    Dex:  9    Spells: 3/3 levels left

rFire   . . .      SeeInvis .     - Unarmed
rCold   . . .      Faith    .   (no shield)
rNeg    . . .      Spirit   .   a - +0 animal skin
rPois   .          Reflect  .   (helmet restricted)
rElec   .          Harm     .   (no cloak)
rCorr   .          Rampage  .   (gloves unavailable)
Will    .....                   (boots unavailable)
Stlth   +.........              (no amulet)
HPRegen 0.95/turn               (no ring)
MPRegen 0.08/turn               (no ring)

@: no status effects
A: large, unfitting armour, claws 3, regeneration 1, shaggy fur 1, tough skin 1
a: Renounce Religion, Berserk, Trog's Hand


You were on level 3 of the Dungeon.
You worshipped Trog.
Trog was pleased with you.
You visited 1 branch of the dungeon, and saw 3 of its levels.

You collected 164 gold pieces.

Inventory:

Armour
 a - a +0 animal skin (worn)
Wands
 e - a wand of flame (21)
Potions
 b - a potion of lignification {unknown}
 c - a potion of flight {unknown}
 d - a potion of curing {unknown}


   Skills:
 + Level 3.1 Fighting
 + Level 3.1 Dodging
 * Level 4.5 Unarmed Combat


You had 3 spell levels left.
You didn't know any spells.
Your spell library was empty.

Dungeon Overview and Level Annotations

Branches:
Dungeon (3/15)

Altars:

Annotations:
D:3 Ijyb


Innate Abilities, Weirdness & Mutations

You are too large for most types of armour.
You have claws for hands.
Your natural rate of healing is unusually fast.
You are covered in fur. (AC +1)
You have tough skin. (AC +1)


Message History

The centaur is moderately wounded.
The centaur hits you. The centaur closely misses you. Ijyb barely misses you.
The centaur hits you but does no damage.
The centaur kicks you but does no damage.
You scratch the centaur.
The centaur is heavily wounded.
Ijyb hits you with a +0 dagger. The centaur closely misses you.
The centaur kicks you.
You are too injured to fight recklessly!
You completely miss the centaur.
The centaur is heavily wounded.
The centaur barely misses you. The centaur misses you.
Ijyb hits you with a +0 dagger.
You barely miss the centaur.
The centaur is heavily wounded.
The centaur barely misses you. The centaur kicks you. Ijyb barely misses you.
The centaur hits you but does no damage.
The centaur kicks you but does no damage.
You claw the centaur!
The centaur is almost dead.
The centaur hits you. The centaur closely misses you.
Ijyb zaps a wand.
Your mind is blasted!
* * * LOW HITPOINT WARNING * * *
Unknown command.
You barely miss the centaur. You claw the centaur.
You kill the centaur!
Trog accepts your kill. Ijyb hits you with a +0 dagger.
* * * LOW HITPOINT WARNING * * *
Your Fighting skill increases to level 3!
Your Dodging skill increases to level 3!
Your Unarmed Combat skill increases to level 4!
You have reached level 4!
Ijyb grins evilly.
Found 9 gold pieces.
Ijyb screams, "No!
No, no, no, no!"
Things that are here:
a +0 shortbow; 32 arrows; a centaur corpse Ijyb zaps a wand.
Your mind is blasted!
You die...

#.###.#.##.# ########
#..........### .......#
#..##........
######.###..##.#.#..#
#.....#..##......#
#.###.#..##.....# #.
#.#.......).#
#.###.##.#####g.#
#.....##.....@..#
###.##########.##
####.#### #.#
##.......# ##.##
#........######...####
......................+
##.....##.####.....####
##.......# #.##.##
###.##### #.####


You could see Ijyb.

Vanquished Creatures
  A centaur (D:3)
  An adder (D:2)
  A worm (D:2)
  4 ball pythons
  3 goblins (D:1)
  3 hobgoblins
  3 jackals (D:1)
  3 kobolds
  2 quokkas
  5 bats
  3 frilled lizards
  6 rats
35 creatures vanquished.

Notes
Turn   | Place    | Note
-------+----------+-------------------------------------------
     0 | D:1      | mordus the Troll Berserker began the quest for the Orb.
     0 | D:1      | Reached XP level 1. HP: 22/22 MP: 0/0
   130 | D:1      | Reached XP level 2. HP: 26/29 MP: 1/1
   465 | D:1      | Found a faded altar of an unknown god.
   894 | D:2      | Reached ** piety under Trog
   895 | D:2      | Reached XP level 3. HP: 36/36 MP: 2/2
  1428 | D:3      | Noticed a centaur
  1429 | D:3      | Noticed Ijyb
  1439 | D:3      | Killed a centaur
  1440 | D:3      | Reached skill level 4 in Unarmed Combat
  1440 | D:3      | Reached XP level 4. HP: 4/45 MP: 3/3
  1454 | D:3      | Blown up by Ijyb

Illustrated notes

Levels and vault maps discovered:
D:1:      dpeg_arrival_snail, layout_basic, basic_ecumenical_altar
D:2:      layout_loops_ring
D:3:      layout_loops_corners, elyvilon_altar_1, uniq_ijyb

Skill      XL: |  1  2  3 |
---------------+----------+-----
Fighting       | 3 |  3.1
Dodging        | 3 |  3.1
Unarmed Combat | 4 |  4.5

Action                   |  1- 3 |  4- 6 || total
-------------------------+-------+-------++-------
Melee: Unarmed           |    99 |       ||    99
       Punch             |     4 |       ||     4
 Stab: Sleeping          |     1 |       ||     1
Armor: Animal skin       |    38 |       ||    38
Dodge: Dodged            |    66 |       ||    66

Table legend: (Time is in decaauts)
 A = Elapsed time spent in this place.
 B = Non-inter-level travel time spent in this place.
 C = Inter-level travel time spent in this place.
 D = Time resting spent in this place.
 E = Time spent auto-exploring this place.
 F = Levels seen in this place.
 G = Mean time per level.
                   A        B        C        D        E       F      G
               +--------+--------+--------+--------+--------+-----+--------+
         Total |   1447 |   1388 |     59 |      8 |   1141 |   3 |  482.3 |
       Dungeon |   1447 |   1388 |     59 |      8 |   1141 |   3 |  482.3 |
               +--------+--------+--------+--------+--------+-----+--------+

Top non-repeatable levels by time:
     D:1: 724 daAuts
     D:2: 621 daAuts
     D:3: 101 daAuts
